 Dungeon Crawl Stone Soup version 0.29-a0-474-gdfe5cd140f (webtiles) character file.

Game seed: 12271640316894118923

44 Infinimo the Cudgeller (level 3, 0/28 HPs)
             Began as a Demonspawn Gladiator on May 24, 2022.
             Killed from afar by a dart slug (2 damage)
             ... with a slug dart
             ... on level 2 of the Dungeon.
             The game lasted 00:01:07 (1532 turns).

Infinimo the Cudgeller (Demonspawn Gladiator)       Turns: 1532, Time: 00:01:08

Health: 0/28       AC:  4    Str: 14    XL:     3   Next: 39%
Magic:  4/4        EV: 12    Int: 13    God:
Gold:   29         SH:  0    Dex: 14    Spells: 4/4 levels left

rFire   . . .      SeeInvis .   a - +0 flail
rCold   . . .      Faith    .   (no shield)
rNeg    . . .      Spirit   .   b - +0 leather armour
rPois   .          Reflect  .   c - +0 helmet
rElec   .          Harm     .   (no cloak)
rCorr   .          Rampage  .   (no gloves)
Will    .....                   (no boots)
Stlth   +.........              (no amulet)
HPRegen 0.09/turn               (no ring)
MPRegen 0.09/turn               (no ring)

@: no status effects
A: spiny 1, big brain 1
a: no special abilities


You were on level 2 of the Dungeon.
You visited 1 branch of the dungeon, and saw 2 of its levels.

You collected 29 gold pieces.

Inventory:

Hand Weapons
 a - a +0 flail (weapon)
Missiles
 d - 3 throwing nets (quivered)
 e - a javelin
Armour
 b - a +0 leather armour (worn)
 c - a +0 helmet (worn)
Jewellery
 f - a +4 ring of slaying
Scrolls
 i - a scroll of teleportation {unknown}
 k - a scroll of immolation
 m - a scroll of summoning {unknown}
 n - a scroll of identify {unknown}
Potions
 g - a potion of resistance {unknown}
 h - a potion of attraction {unknown}
 j - a potion of mutation {unknown}
 l - a potion of flight {unknown}


   Skills:
 + Level 2.4 Fighting
 * Level 3.3 Maces & Flails
 - Level 1.7 Throwing
 + Level 3.0 Dodging
 + Level 1.0 Spellcasting


You had 4 spell levels left.
You didn't know any spells.
Your spell library was empty.

Dungeon Overview and Level Annotations

Branches:
Dungeon (2/15)

Altars:


Innate Abilities, Weirdness & Mutations

You are partially covered in sharp spines.
You have an unusually large brain. (Int +2)


Message History

An adder is nearby!
An adder is nearby!
The adder is struck by your spines.
The adder is moderately wounded.
The adder is struck by your spines.
The adder is heavily wounded.
The adder is struck by your spines. The adder bites you.
The adder is heavily wounded.
The adder bites you.
You are poisoned.
The adder poisons you!
The adder is heavily wounded.
You feel sick. The adder is struck by your spines. The adder bites you.
You are too injured to fight recklessly!
You are too injured to fight recklessly!
You are too injured to fight recklessly!
You are too injured to fight recklessly!
The adder is almost dead.
You feel sick.
You sock the adder!
You kill the adder!
You feel sick.
Your Dodging skill increases to level 3!
Your Spellcasting skill increases to level 1!
You feel sick. The kobold is struck by your spines.
You kill the kobold!
You feel sick. The goblin is struck by your spines.
You kill the goblin!
You feel sick.
You are no longer poisoned.
You sock the goblin!
You kill the goblin!
The dart slug is heavily wounded.
The dart slug launches a dart at you. The slug dart hits you.
* * * LOW HITPOINT WARNING * * *
The dart slug is heavily wounded.
The dart slug launches a dart at you. The slug dart hits you.
You die...

## ... #.# .#. ..# #.#
....#.## #.# # ..
..#.).### #.#.####.
.b.#).##....###.#......
.._..#.+.....@w.(......
#..#.....#.###.#.####
.#....#.....wg)...###
.w...w#...#.g.........
#.....†g#K##..#####.#
###.##†#..#.##..##
..........g.##....
#.#..###.?####..###
..........# #..#


You could see a dart slug.

Vanquished Creatures
  2 adders (D:2)
  A worm (D:2)
  A dart slug (D:1)
  4 endoplasms (D:1)
  A giant cockroach (D:1)
  A quokka (D:1)
  A ball python (D:1)
  A bat (D:2)
  A frilled lizard (D:2)
  3 goblins
  4 kobolds
  3 rats
23 creatures vanquished.

Notes
Turn   | Place    | Note
-------+----------+-------------------------------------------
     0 | D:1      | Infinimo the Demonspawn Gladiator began the quest for the
                  | Orb.
     0 | D:1      | Reached XP level 1. HP: 16/16 MP: 1/1
   588 | D:1      | Gained mutation: You have an unusually large brain. (Int
                  | +2) [demonic ancestry]
   588 | D:1      | Reached XP level 2. HP: 12/22 MP: 2/2
  1477 | D:2      | Gained mutation: You are partially covered in sharp spines.
                  | [demonic ancestry]
  1477 | D:2      | Reached XP level 3. HP: 27/28 MP: 4/4
  1499 | D:2      | Found a faded altar of an unknown god.
  1527 | D:2      | Reached skill level 1 in Spellcasting
  1532 | D:2      | Killed from afar by a dart slug

Illustrated notes

Levels and vault maps discovered:
D:1:      eino_arrival_cavern_b, layout_loops_corners, grunt_decor_mini_mirrors,
          minmay_hexomino_u4
D:2:      layout_basic, hellmonk_ecumenical_altar_blasted,
          hangedman_decor_points

Skill      XL: |  1  2  3 |
---------------+----------+-----
Maces & Flails | 3 |  3.3
Dodging        | 3 |  3.0
Spellcasting   | 1 |  1.0
Fighting       | |  2.4
Throwing       | |  1.7

Action                   || total
-------------------------++-------
Melee: Flail             ||    66
 Stab: Sleeping          ||     1
Armor: Leather armour    ||    17
Dodge: Dodged            ||    39

Table legend: (Time is in decaauts)
 A = Elapsed time spent in this place.
 B = Non-inter-level travel time spent in this place.
 C = Inter-level travel time spent in this place.
 D = Time resting spent in this place.
 E = Time spent auto-exploring this place.
 F = Levels seen in this place.
 G = Mean time per level.
                   A        B        C        D        E       F      G
               +--------+--------+--------+--------+--------+-----+--------+
         Total |   1549 |   1513 |     36 |      0 |   1367 |   2 |  774.5 |
       Dungeon |   1549 |   1513 |     36 |      0 |   1367 |   2 |  774.5 |
               +--------+--------+--------+--------+--------+-----+--------+

Top non-repeatable levels by time:
     D:1: 1194 daAuts
     D:2: 354 daAuts
